Map: Bridgehead LE (Void)

Players

ImotoFantasy - Winner!

  • Race: Protoss Protoss
  • League: Platinum

inory

  • Race: Zerg Zerg
  • League: Diamond

VOD

Have the link to the VOD?

Description

Time

  • Played on: Oct. 26, 2015, 1:05 a.m.
  • Length: 14:15
Show
View Real Time Build Order
Export as new Build Order

ImotoFantasy Protoss - Winner!

Build Orders: Nexus First 

Get SALT Encoding   

  12  0:01  Probe (Chrono Boost)  
  13  0:12  Probe (Chrono Boost)  
  14  0:21  Pylon  
  14  0:24  Probe (Chrono Boost)  
  15  0:39  Probe (Chrono Boost)  
  17  0:50  Probe (Chrono Boost)  
  17  1:02  Nexus  
  17  1:09  Probe (Chrono Boost)  
  18  1:16  Gateway  
  18  1:20  Probe (Chrono Boost)  
  18  1:25  Assimilator  
  19  1:31  Probe (Chrono Boost)  
  20  1:36  Assimilator  
  20  1:41  Probe (Chrono Boost)  
  21  1:52  Probe (Chrono Boost)  
  22  2:02  Probe (Chrono Boost)  
  22  2:04  Pylon  
  23  2:10  Cybernetics Core  
  23  2:14  Probe (Chrono Boost)  
  24  2:18  Probe (Chrono Boost)  
  25  2:25  Probe (Chrono Boost)  
  25  2:28  Zealot  
  25  2:29  Probe (Chrono Boost)  
  29  2:35  Probe (Chrono Boost)  
  30  2:39  Probe (Chrono Boost)  
  31  2:46  Probe (Chrono Boost)  
  32  2:52  Nexus  
  32  2:56  Probe (Chrono Boost)  
  33  2:59  Mothership Core (Chrono Boost)  
  33  3:03  Warp Gate  
  35  3:08  Probe (Chrono Boost)  
  36  3:14  Stargate  
  36  3:19  Sentry  
  38  3:21  Probe x2 (Chrono Boost)  
  40  3:33  Pylon  
  40  3:34  Pylon  
  40  3:36  Probe (Chrono Boost)  
  40  3:37  Probe (Chrono Boost)  
  42  3:43  Pylon  
  42  3:47  Probe x2 (Chrono Boost)  
  44  3:58  Probe x2 (Chrono Boost)  
  46  4:06  Probe (Chrono Boost)  
  46  4:08  Probe (Chrono Boost), Forge  
  48  4:10  Probe (Chrono Boost)  
  48  4:14  Assimilator  
  48  4:15  Probe (Chrono Boost)  
  48  4:16  Assimilator  
  50  4:17  Phoenix (Chrono Boost)  
  50  4:24  Fleet Beacon  
  52  4:25  Probe  
  52  4:26  Probe x2  
  55  4:38  Probe x2  
  55  4:39  Probe  
  55  4:41  Phoenix (Chrono Boost)  
  60  4:51  Photon Cannon  
  60  4:55  Photon Cannon  
  60  4:59  Probe x2  
  60  5:00  Probe  
  60  5:03  Phoenix (Chrono Boost)  
  65  5:07  Assimilator  
  65  5:12  Assimilator  
  65  5:15  Probe x2  
  65  5:16  Probe  
  68  5:24  Pylon, Phoenix (Chrono Boost)  
  68  5:25  Probe x2  
  73  5:28  Probe  
  73  5:31  Stargate  
  73  5:36  Probe x2  
  73  5:40  Probe, Pylon  
  76  5:43  Stargate  
  76  5:47  Pylon  
  76  5:59  Carrier (Chrono Boost)  
  82  6:09  Photon Cannon  
  82  6:16  Photon Cannon  
  82  6:18  Photon Cannon  
  82  6:24  Carrier (Chrono Boost)  
  88  6:39  Carrier (Chrono Boost)  
  94  6:46  Graviton Catapult  
  94  6:48  Protoss Air Weapons Level 1 (Chrono Boost)  
  94  6:54  Photon Cannon  
  94  6:56  Photon Cannon  
  94  6:57  Pylon, Photon Cannon  
  94  7:02  Photon Cannon  
  94  7:11  Carrier (Chrono Boost)  
  94  7:13  Photon Cannon x2  
  100  7:27  Pylon  
  100  7:29  Pylon  
  100  7:30  Stargate  
  100  7:34  Carrier  
  100  7:39  Pylon  
  100  7:42  Nexus  
  100  7:46  Assimilator  
  100  7:47  Assimilator  
  106  7:52  Pylon  
  106  7:56  Carrier  
  112  8:12  Photon Cannon  
  112  8:14  Photon Cannon  
  112  8:17  Photon Cannon  
  112  8:19  Probe x2  
  115  8:20  Probe  
  115  8:21  Photon Cannon  
  115  8:23  Photon Cannon  
  115  8:25  Photon Cannon  
  115  8:29  Carrier  
  113  8:35  Carrier  
  125  8:46  Photon Cannon  
  125  8:48  Carrier  
  125  8:57  Protoss Air Weapons Level 2 (Chrono Boost)  
  131  9:07  Probe  
  131  9:08  Probe x3  
  135  9:16  Protoss Shields Level 1 (Chrono Boost)  
  135  9:22  Carrier  
  141  9:33  Photon Cannon  
  141  9:40  Photon Cannon  
  141  9:43  Pylon, Photon Cannon  
  141  9:45  Photon Cannon  
  141  9:47  Pylon  
  141  9:48  Pylon  
  141  9:49  Pylon  
  141  9:55  Carrier  
  147  10:08  Carrier  
  147  10:09  Carrier  
  159  10:45  Nexus  
  159  10:47  Pylon, Carrier  
  159  10:48  Pylon  
  165  10:52  Assimilator  
  165  10:54  Assimilator  
  165  11:00  Protoss Air Weapons Level 3  
  165  11:07  Photon Cannon  
  165  11:08  Photon Cannon  
  165  11:12  Photon Cannon x2  
  165  11:14  Photon Cannon  
  165  11:16  Photon Cannon  
  165  11:21  Pylon  
  165  11:25  Carrier  
  171  11:33  Void Ray  
  171  11:34  Void Ray  
  179  11:53  Robotics Facility  
  179  11:58  Twilight Council  
  179  12:13  Void Ray x2  
  183  12:17  Void Ray  
  191  12:40  Observer (Chrono Boost)  
  192  13:05  Photon Cannon  
  192  13:07  Photon Cannon  
  192  13:09  Photon Cannon  
  192  13:12  Gateway  
  192  13:13  Gateway  
  192  13:16  Gateway  
  192  13:19  Gateway  
  192  13:22  Gateway, Void Ray x2  
  200  13:50  Templar Archives  
  200  13:54  Gateway  
  200  14:04  Gateway  
Show
View Real Time Build Order
Export as new Build Order

inory Zerg 

Build Orders: Hatch First 

Get SALT Encoding   

  12  0:01  Drone  
  13  0:08  Drone  
  14  0:17  Overlord  
  14  0:21  Extractor  
  14  0:23  Drone  
  15  0:36  Drone x2  
  17  0:53  Hatchery  
  16  1:07  Spawning Pool  
  16  1:10  Drone  
  16  1:13  Drone  
  17  1:36  Hatchery  
  17  1:39  Drone  
  17  1:46  Drone  
  17  1:47  Drone  
  19  1:55  Queen  
  21  2:04  Overlord  
  21  2:11  Drone  
  21  2:12  Drone  
  21  2:13  Drone  
  24  2:21  Queen  
  26  2:24  Drone  
  26  2:27  Drone  
  28  2:30  Drone  
  28  2:35  Drone  
  30  2:41  Drone  
  30  2:44  Drone  
  32  2:47  Queen  
  34  2:52  Queen  
  36  3:03  Extractor x2  
  36  3:05  Zergling x10  
  35  3:09  Drone  
  35  3:10  Drone  
  35  3:12  Drone  
  42  3:16  Overlord  
  42  3:33  Spore Crawler  
  40  3:35  Spore Crawler  
  40  3:36  Drone x5  
  40  3:37  Drone  
  44  4:01  Metabolic Boost  
  44  4:03  Drone  
  44  4:04  Drone x5  
  44  4:06  Overlord x2  
  50  4:10  Spore Crawler  
  50  4:15  Overlord  
  49  4:22  Extractor  
  48  4:24  Extractor  
  48  4:26  Drone x3  
  48  4:29  Drone x3  
  48  4:30  Drone  
  54  4:32  Drone  
  54  4:34  Drone  
  54  4:36  Drone  
  57  4:40  Drone x2  
  57  4:42  Drone  
  60  4:51  Lair  
  59  5:10  Drone x6  
  59  5:11  Drone x2  
  59  5:12  Overlord x3  
  66  5:27  Overlord x2  
  66  5:38  Spore Crawler  
  66  5:39  Spore Crawler  
  66  5:42  Evolution Chamber  
  63  5:44  Evolution Chamber  
  63  5:46  Drone  
  63  5:47  Drone x5  
  68  5:51  Hydralisk Den  
  68  5:53  Drone x5  
  68  5:54  Drone  
  73  5:57  Infestation Pit  
  73  5:59  Hydralisk Den  
  73  6:01  Spore Crawler  
  73  6:02  Drone x3  
  73  6:03  Drone, Spore Crawler  
  73  6:04  Drone x2  
  73  6:09  Overlord  
  72  6:24  Muscular Augments  
  72  6:25  Spore Crawler  
  72  6:26  Zerg Ground Armor Level 1  
  69  6:33  Lurker Den  
  69  6:38  Drone x2  
  69  6:39  Drone x4  
  73  6:47  Hive, Zergling x2  
  73  6:48  Zergling x16  
  73  6:51  Overlord  
  73  6:52  Overlord x2  
  82  6:57  Zerg Melee Weapons Level 1  
  82  7:00  Evolution Chamber  
  79  7:12  Spire  
  78  7:18  Drone x2  
  78  7:19  Drone x2  
  78  7:20  Extractor  
  81  7:23  Extractor  
  81  7:24  Drone x3  
  81  7:26  Zerg Missile Weapons Level 1  
  81  7:27  Hatchery  
  81  7:28  Hydralisk x6  
  94  7:31  Hydralisk  
  94  7:35  Hydralisk x2  
  100  7:39  Hydralisk x2  
  104  7:51  Hydralisk  
  104  7:53  Overlord x4  
  106  8:01  Overlord  
  106  8:02  Ultralisk Cavern  
  106  8:03  Overlord  
  105  8:11  Overseer  
  105  8:19  Overlord  
  96  8:56  Chitinous Plating  
  96  8:58  Zerg Ground Armor Level 2  
  96  8:59  Zerg Melee Weapons Level 2  
  96  9:01  Zerg Flyer Armor Level 1  
  96  9:05  Hydralisk x3  
  96  9:06  Hydralisk x4  
  110  9:12  Spore Crawler  
  109  9:17  Spore Crawler x2  
  109  9:18  Spore Crawler  
  109  9:22  Spore Crawler  
  109  9:23  Spore Crawler x2  
  103  9:25  Spore Crawler x2  
  103  9:30  Spore Crawler x2  
  99  9:31  Spore Crawler  
  99  9:36  Spore Crawler  
  99  9:38  Drone x4, Spore Crawler  
  99  9:39  Drone x3, Spore Crawler  
  99  9:41  Spore Crawler  
  99  9:43  Ultralisk x3  
  119  9:52  Drone x8  
  127  9:53  Drone  
  127  9:58  Viper  
  131  10:02  Drone x3  
  134  10:15  Evolution Chamber  
  134  10:16  Evolution Chamber  
  134  10:19  Evolution Chamber  
  131  10:24  Ultralisk  
  131  10:25  Ultralisk  
  143  10:29  Overlord  
  143  10:32  Queen  
  145  10:37  Overlord x2  
  145  10:48  Zergling x2  
  146  10:56  Corruptor x2  
  146  10:57  Corruptor x3  
  156  11:04  Drone  
  156  11:05  Drone x7  
  164  11:15  Zerg Flyer Armor Level 2  
  164  11:19  Drone  
  164  11:20  Drone x5  
  164  11:24  Spore Crawler  
  169  11:26  Spore Crawler  
  169  11:28  Spore Crawler  
  169  11:31  Spore Crawler  
  166  11:33  Spore Crawler  
  166  11:36  Viper x2  
  171  11:45  Extractor  
  171  11:46  Extractor  
  169  11:49  Spore Crawler x2  
  169  11:50  Spore Crawler  
  169  11:52  Spore Crawler x2  
  164  11:56  Corruptor  
  164  11:57  Corruptor x2  
  170  12:03  Corruptor  
  170  12:04  Overlord x2  
  172  12:08  Overlord  
  172  12:21  Drone x3  
  172  12:22  Drone  
  176  12:35  Hatchery  
  174  12:50  Queen x4  
  176  12:58  Corruptor x4  
  184  13:14  Corruptor x4  
  192  13:22  Viper  
  192  13:23  Viper  
  196  13:35  Overlord  
  196  13:38  Corruptor  
  196  13:40  Overlord  
  198  13:51  Overlord  
Tags
 
Add a new tag
Caveats
  • Supply blocks, unpowered buildings, or Contaminate may cause inaccurate times.
  • Supply counts are checked every 10 seconds.